 Dungeon Crawl Stone Soup version 0.26-a0-244-g083ca260ac (webtiles) character file.

Game seed: 13025208926769273922

76 BritishOli the Slasher (level 4, -2/34 HPs)
             Began as a Demonspawn Gladiator on July 8, 2020.
             Slain by Natasha (5 damage)
             ... on level 2 of the Dungeon.
             The game lasted 00:00:34 (1235 turns).

BritishOli the Slasher (Demonspawn Gladiator)       Turns: 1235, Time: 00:00:34

Health: -2/34      AC:  4    Str: 15    XL:     4   Next: 12%
Magic:  4/4        EV: 13    Int:  9    God:
Gold:   56         SH:  0    Dex: 15    Spells: 3/3 levels left

rFire    + . .     SeeInvis .   a - +0 long sword
rCold    . . .     Faith    .   (no shield)
rNeg     . . .     Spirit   .   b - +0 leather armour
rPois    .         Reflect  .   c - +0 helmet
rElec    .         Harm     .   (no cloak)
rCorr    .                      (no gloves)
MR       .....                  (no boots)
Stlth    +.........             (no amulet)
HPRegen  0.11/turn              (no ring)
MPRegen  0.09/turn              (no ring)

@: slowed, very slow
A: fire resistance 1
a: no special abilities


You were on level 2 of the Dungeon.
You were not hungry.

You visited 1 branch of the dungeon, and saw 2 of its levels.

You collected 56 gold pieces.

Inventory:

Hand Weapons
 a - a +0 long sword (weapon)
Missiles
 d - 3 throwing nets (quivered)
Armour
 b - a +0 leather armour (worn)
 c - a +0 helmet (worn)
Scrolls
 g - a scroll of magic mapping {unknown}
 i - a scroll of identify {unknown}
 k - a scroll of fog {unknown}
Potions
 e - 3 potions of mutation {unknown}
 h - a potion of invisibility {unknown}
 j - a potion of curing {unknown}
 l - a potion of heal wounds {unknown}
 m - a potion of brilliance {unknown}
Comestibles
 f - 6 rations


   Skills:
 + Level 2.6 Fighting
 + Level 3.1 Long Blades
 + Level 2.3 Throwing
 + Level 1.3 Armour
 + Level 3.1 Dodging


You had 3 spell levels left.
You didn't know any spells.
Your spell library contained the following spells:

 Spells                   Type           Power        Failure   Level
 Animate Skeleton         Necr           N/A          45%         1
 Apportation              Tloc           #.....       45%         1
 Corona                   Hex            #......      45%         1
 Summon Small Mammal      Summ           #...         45%         1


Dungeon Overview and Level Annotations

Branches:
Dungeon (2/15)

Altars:

Annotations:
D:2 Natasha


Innate Abilities, Weirdness & Mutations

Your flesh is heat resistant. (rF+)


Message History

You resist with some effort.
Natasha mumbles some strange words.
You closely miss Natasha.
Natasha is moderately wounded.
Natasha claws you.
* * * LOW HITPOINT WARNING * * *
The shadow imp closely misses you.
Natasha stares at you and mumbles some strange words.
You resist with some effort. The shadow imp closely misses you.
You hit Natasha.
Natasha is severely wounded.
Natasha claws you but does no damage. The shadow imp barely misses you.
Natasha wildly gestures.
Natasha's front paws start to glow.
Natasha claws you but does no damage. The shadow imp closely misses you.
Unknown command.
You hit Natasha.
Natasha is severely wounded.
Natasha claws you.
You die...

# ###...###
###.......######
................ #
###.......###### .# #
###...### .# #####...#
###.###
.......###########...!.#
#####.......(...5#.....#
#####.##.......h@......#
♣
......##.#######.#......#
♣. #####.##.## #.#.....##
♣♣.♣♣ # #.#.<.##
#.###.### ♣♣PP.
#####......# #.# .#
♣PPP♣♣ ..).......## #.#
.# #....# .#####.#.## #.#
# ###+..+# #.### #.#
#.....(# #.# #.#.#
#......#


You could see Natasha and a shadow imp (summoned).

Vanquished Creatures
  Natasha (D:2)
  2 adders (D:2)
  3 leopard geckos
  3 giant cockroaches
  5 goblins
  2 hobgoblins (D:1)
  5 kobolds
  2 quokkas (D:2)
  2 bats
  A frilled lizard (D:1)
  4 rats
30 creatures vanquished.

Notes
Turn   | Place    | Note
-------+----------+-------------------------------------------
     0 | D:1      | BritishOli the Demonspawn Gladiator began the quest for the
                  | Orb.
     0 | D:1      | Reached XP level 1. HP: 16/16 MP: 1/1
   265 | D:1      | Gained mutation: Your flesh is heat resistant. (rF+)
                  | [demonic ancestry]
   265 | D:1      | Reached XP level 2. HP: 14/22 MP: 2/2
   477 | D:1      | You fall into a shaft and drop 1 floor!
   658 | D:2      | Noticed Natasha
   663 | D:2      | Killed Natasha
   663 | D:2      | Reached skill level 1 in Armour
   663 | D:2      | Reached XP level 3. HP: 28/28 MP: 3/3
  1100 | D:2      | Reached XP level 4. HP: 33/34 MP: 4/4
  1216 | D:2      | Noticed Natasha
  1235 | D:2      | Slain by Natasha

Illustrated notes

Levels and vault maps discovered:
D:1:      minmay_arrival_up_and_down, layout_loops_ring, serial_park_tiny_pond
D:2:      layout_loops_ring, uniq_crazy_yiuf_cottage, uniq_natasha

Skill      XL: |  1  2 |
---------------+-------+-----
Throwing       | 2 |  2.3
Long Blades    | 3 |  3.1
Armour         | 1 |  1.3
Dodging        | 3 |  3.1
Fighting       | |  2.6

Action                   |  1- 3 |  4- 6 || total
-------------------------+-------+-------++-------
Melee: Long sword        |    55 |    29 ||    84
 Stab: Sleeping          |     2 |       ||     2
  Eat: Ration            |       |     1 ||     1
Armor: Leather armour    |    14 |     6 ||    20
Dodge: Dodged            |    41 |    25 ||    66
       Rpst.: Long sword |    12 |     6 ||    18

Table legend:
 A = Non-vault XP
 B = Vault XP
 C = Vault XP percentage of total XP
 D = Non-vault monster count
 E = Vault monster count
 F = Vault count percentage of total count
                 A         B        C        D         E       F
            +---------+---------+-------+---------+---------+-------
      Total |      74 |      35 |  32.1 |      29 |       1 |   3.3
            +---------+---------+-------+---------+---------+-------
        D:1 |      18 |       0 |   0.0 |      11 |       0 |   0.0
        D:2 |      56 |      35 |  38.5 |      18 |       1 |   5.3
            +---------+---------+-------+---------+---------+-------
